 Dungeon Crawl Stone Soup version 0.31.0-11-ge490571c62 (webtiles) character file.

Game seed: 1623595802393510553

19 Silvore the Trooper (level 2, 0/24 HPs)
             Began as a Demonspawn Fighter on Feb 7, 2024.
             Slain by a ball python (1 damage)
             ... on level 2 of the Dungeon.
             The game lasted 00:01:21 (791 turns).

Silvore the Trooper (Demonspawn Fighter)             Turns: 791, Time: 00:01:21

Health: 0/24       AC:  6    Str: 16    XL:     2   Next: 55%
Magic:  2/2        EV:  5    Int:  8    God:
Gold:   52         SH:  4    Dex: 12    Spells: 1/1 levels left

rFire   . . .        a - +0 long sword
rCold   . . .        c - +0 buckler
rNeg    . . .        b - +0 scale mail
rPois   .            (helmet restricted)
rElec   .            (no cloak)
rCorr   .            (no gloves)
SInv    .            (no boots)
Will    .....        (no amulet) Stlth
                     (no ring)
HPRegen 0.24/turn    (no ring)
MPRegen 0.08/turn

%: no passive effects
@: constricted
A: antennae 1
a: no special abilities


You were on level 2 of the Dungeon.
You visited 1 branch of the dungeon, and saw 2 of its levels.

You collected 52 gold pieces.

Inventory:

Hand Weapons
 a - a +0 long sword (weapon)
Armour
 b - a +0 scale mail (worn)
 c - a +0 buckler (worn)
Scrolls
 e - a scroll of enchant armour {unknown}
Potions
 d - 3 potions of might
 f - a potion of berserk rage
 h - a potion of lignification {unknown}
 i - a potion of curing {unknown}


   Skills:
 + Level 3.1 Fighting
 + Level 2.2 Long Blades
 + Level 3.0 Armour
 + Level 0.1 Dodging
 + Level 2.8 Shields


You had one spell level left.
You didn't know any spells.
Your spell library was empty.

Dungeon Overview and Level Annotations

Branches:
Dungeon (2/15)

Altars:


Innate Abilities, Weirdness & Mutations

You have a pair of small antennae on your head.


Message History

The ball python bites you. The ball python grabs you.
The ball python constricts you.
You escape the ball python's grasp.
There are monsters nearby!
The endoplasm hits you but does no damage.
There are monsters nearby!
There are monsters nearby!
You block the ball python's attack. x2
The quokka twitches its whiskers.
The endoplasm hits you.
The ball python bites you but does no damage.
The ball python grabs you. The ball python constricts you.
The endoplasm freezes you.
You are frozen.
The ball python bites you but does no damage.
The ball python constricts you. The ball python barely misses you.
The ball python constricts you.
The endoplasm hits you but does no damage.
The ball python bites you but does no damage.
The ball python constricts you. The endoplasm freezes you.
You are frozen.
The ball python bites you. The ball python constricts you.
The endoplasm hits you but does no damage.
The ball python bites you.
* * * LOW HITPOINT WARNING * * *
The ball python constricts you.
The quokka twitches its whiskers.
The endoplasm freezes you.
You are frozen.
* * * LOW HITPOINT WARNING * * *
The ball python barely misses you. The ball python constricts you.
The endoplasm freezes you.
You are frozen.
* * * LOW HITPOINT WARNING * * *
The ball python bites you.
* * * LOW HITPOINT WARNING * * *
The ball python constricts you. The ball python bites you.
You die...

#.#......
#...##.###.
###.#.#......
...#..[ #.##
##.#.#.# #...
#..#...#...#..
#####.##.#r#.#...#
#.......r#SJ.##.#
#.######.#@#......
#...# #...##.###.
####.# #.#......
#.<#.# #..##.###.#
##.#.# ##......
... #..#.#
##.###.# #. ##.#.#
####### #..#.#
##.#.#


You could see an endoplasm, a quokka and a ball python.

Vanquished Creatures
  An endoplasm (D:1)
  2 giant cockroaches
  A goblin (D:1)
  A hobgoblin (D:1)
  2 quokkas (D:1)
  2 ball pythons (D:1)
  7 kobolds (D:1)
  2 rats (D:1)
18 creatures vanquished.

Notes
Turn   | Place    | Note
-------+----------+-------------------------------------------
     0 | D:1      | Silvore the Demonspawn Fighter began the quest for the Orb.
     0 | D:1      | Reached XP level 1. HP: 18/18 MP: 1/1
   225 | D:1      | Discovered your monstrous ancestry.
   225 | D:1      | Gained mutation: You have a pair of small antennae on your
                  | head. [demonic ancestry]
   225 | D:1      | Reached XP level 2. HP: 15/24 MP: 2/2
   790 | D:2      | HP: 1/24 [ball python (1)]
   791 | D:2      | Slain by a ball python

Illustrated notes

Levels and vault maps discovered:
D:1:      minmay_arrival_split_and_join, layout_loops_ring, minmay_pentomino_z2
D:2:      layout_basic, basic_altar, chequers_ecumenical_altar_simple_redux,
          nicolae_concentric_dashed_squares_wild, uniq_natasha, uniq_terence

Skill      XL: |  1  2 |
---------------+-------+-----
Long Blades    | 2 |  2.2
Armour         | 3 |  3.0
Fighting       | |  3.1
Dodging        | |  0.1
Shields        | |  2.8

Action                     || total
---------------------------++-------
  Melee: Long sword        ||    52
    Use: Scroll            ||     3
 Armour: Scale mail        ||    54
  Dodge: Dodged            ||    31
  Block: Buckler           ||    16
